Map: Romanticide LE

Players

Trap - Winner!

  • Race: Protoss Protoss
  • League: Master
  • Spawn Location: 5:00

PartinG

  • Race: Protoss Protoss
  • League: Grandmaster
  • Spawn Location: 11:00

VOD

Have the link to the VOD?

Description

Time

  • Played on: Jan. 13, 2021, 9:16 a.m.
  • Length: 13:54
Show
View Real Time Build Order
Export as new Build Order

Trap Protoss - Winner!

Build Orders:  

Get SALT Encoding   

  12  0:00  Probe  
  13  0:12  Probe  
  14  0:16  Pylon  
  14  0:24  Probe (Chrono Boost)  
  15  0:36  Gateway, Probe (Chrono Boost)  
  16  0:44  Probe (Chrono Boost)  
  16  0:48  Assimilator  
  17  0:51  Probe  
  17  0:54  Assimilator  
  18  1:03  Probe (Chrono Boost)  
  19  1:07  Gateway  
  19  1:12  Probe (Chrono Boost)  
  19  1:17  Probe (Chrono Boost)  
  20  1:23  Cybernetics Core  
  21  1:29  Probe  
  22  1:34  Pylon  
  22  1:41  Probe  
  23  1:53  Probe  
  24  1:58  Warp Gate (Chrono Boost)  
  24  2:00  Stalker x2  
  28  2:12  Pylon  
  28  2:29  Stalker  
  28  2:30  Stalker  
  31  2:53  Nexus  
  31  2:59  Shield Battery  
  31  3:03  Sentry  
  33  3:06  Sentry  
  35  3:13  Shield Battery  
  35  3:20  Pylon  
  35  3:39  Sentry  
  35  3:40  Sentry  
  39  3:41  Probe  
  38  3:49  Robotics Facility  
  38  3:53  Probe  
  35  4:04  Stalker  
  35  4:05  Stalker, Probe  
  40  4:11  Shield Battery  
  40  4:28  Stalker x2  
  44  4:33  Probe  
  45  4:40  Immortal (Chrono Boost)  
  49  4:48  Shield Battery  
  49  4:55  Probe x2  
  49  4:58  Stalker  
  53  5:02  Shield Battery  
  53  5:09  Probe  
  53  5:11  Immortal (Chrono Boost)  
  58  5:18  Pylon  
  58  5:25  Probe x2  
  58  5:27  Sentry  
  62  5:34  Shield Battery  
  62  5:37  Stalker  
  64  5:44  Shield Battery, Pylon  
  64  5:48  Probe x2  
  66  5:50  Gateway  
  66  5:56  Warp Prism (Chrono Boost)  
  62  6:06  Adept x2  
  65  6:13  Probe x2  
  61  6:26  Probe x2  
  63  6:38  Probe x2 (Chrono Boost)  
  65  6:42  Twilight Council  
  65  6:49  Probe x2 (Chrono Boost)  
  65  6:52  Pylon  
  65  6:53  Probe x2 (Chrono Boost)  
  67  6:56  Observer  
  70  7:04  Probe x2  
  70  7:07  Stalker x2  
  76  7:09  Assimilator  
  74  7:16  Probe x2  
  74  7:17  Resonating Glaives (Chrono Boost)  
  74  7:21  Gateway  
  76  7:27  Gateway  
  76  7:44  Adept x2  
  76  7:47  Gateway  
  76  7:50  Gateway x2  
  80  8:00  Immortal (Chrono Boost)  
  80  8:02  Gateway  
  84  8:06  Pylon  
  84  8:16  Adept  
  86  8:24  Adept x3  
  92  8:39  Warp Prism (Chrono Boost)  
  84  8:51  Adept x5  
  93  8:59  Pylon  
  93  9:04  Pylon  
  93  9:10  Blink (Chrono Boost)  
  93  9:18  Adept x4  
  93  9:23  Pylon  
  101  9:26  Assimilator  
  101  9:29  Observer (Chrono Boost)  
  102  9:46  Immortal (Chrono Boost)  
  106  10:04  Stalker x7  
  112  10:23  Stalker  
  112  10:25  Observer  
  115  10:30  Stalker x2  
  112  10:52  Pylon  
  112  10:53  Pylon  
  112  10:58  Nexus  
  112  11:13  Sentry x3  
  118  11:33  Stalker x5  
  118  11:34  Observer  
  118  11:39  Stalker x2  
  97  12:03  Stalker x4  
  97  12:04  Stalker x2  
  93  12:11  Stalker x2  
  93  12:35  Stalker x4  
  69  12:55  Adept  
  69  12:56  Stalker x2, Adept  
  75  13:02  Stalker x2  
  75  13:04  Stalker  
  81  13:10  Stalker  
  83  13:16  Stalker  
  83  13:17  Sentry x2  
  89  13:25  Stalker  
  85  13:36  Stalker x3  
  85  13:47  Stalker x2  
Show
View Real Time Build Order
Export as new Build Order

PartinG Protoss 

Build Orders:  

Get SALT Encoding   

  12  0:00  Probe  
  13  0:12  Probe  
  14  0:17  Pylon  
  14  0:24  Probe (Chrono Boost)  
  15  0:36  Probe (Chrono Boost)  
  15  0:37  Gateway  
  16  0:45  Probe (Chrono Boost)  
  16  0:46  Assimilator  
  17  0:51  Probe  
  17  0:54  Assimilator  
  18  1:03  Probe (Chrono Boost)  
  19  1:07  Gateway  
  20  1:12  Probe (Chrono Boost)  
  20  1:17  Probe (Chrono Boost)  
  20  1:24  Cybernetics Core  
  21  1:29  Probe  
  22  1:41  Pylon, Probe  
  23  1:57  Warp Gate (Chrono Boost)  
  23  2:00  Stalker x2  
  28  2:04  Gateway  
  28  2:08  Probe  
  28  2:19  Pylon  
  28  2:30  Stalker  
  28  2:36  Stalker  
  31  2:51  Stalker  
  33  3:07  Nexus  
  33  3:30  Shield Battery  
  33  3:31  Stalker x2  
  37  3:34  Stalker  
  39  3:43  Pylon  
  35  4:00  Adept x3  
  39  4:04  Probe  
  40  4:17  Probe  
  40  4:20  Stalker  
  40  4:22  Stalker  
  43  4:29  Adept  
  41  4:32  Probe  
  41  4:35  Probe  
  43  4:46  Robotics Facility  
  43  4:47  Probe  
  43  4:49  Probe  
  45  4:52  Sentry  
  45  4:54  Sentry  
  45  4:58  Sentry  
  51  5:00  Probe  
  51  5:03  Probe  
  53  5:12  Probe  
  54  5:15  Probe  
  54  5:16  Shield Battery  
  54  5:20  Sentry, Adept  
  59  5:24  Adept  
  59  5:27  Probe  
  62  5:32  Pylon  
  62  5:43  Pylon  
  62  5:50  Probe x2  
  62  5:51  Observer (Chrono Boost)  
  62  5:57  Adept x3  
  67  6:10  Immortal (Chrono Boost)  
  69  6:19  Shield Battery  
  69  6:20  Shield Battery  
  69  6:24  Stalker  
  69  6:30  Adept, Pylon  
  69  6:31  Pylon  
  65  6:40  Probe  
  65  6:41  Assimilator  
  65  6:43  Warp Prism (Chrono Boost)  
  65  6:44  Robotics Bay  
  68  6:49  Probe  
  68  6:53  Pylon  
  69  6:58  Adept x2  
  73  7:01  Probe x2  
  73  7:14  Immortal (Chrono Boost)  
  73  7:21  Adept x2  
  77  7:42  Disruptor (Chrono Boost)  
  77  7:43  Probe x2  
  75  7:45  Stalker x2  
  75  7:49  Gateway  
  75  7:50  Gateway  
  82  7:54  Phoenix  
  82  7:57  Probe x2  
  84  8:00  Assimilator, Gateway  
  84  8:08  Disruptor (Chrono Boost)  
  87  8:23  Twilight Council  
  87  8:25  Probe x2  
  89  8:27  Nexus  
  89  8:29  Pylon  
  89  8:33  Pylon  
  83  8:45  Disruptor  
  83  8:46  Stalker x2  
  90  8:58  Probe  
  90  8:59  Probe  
  90  9:00  Adept x3  
  98  9:06  Shield Battery  
  98  9:08  Shield Battery  
  98  9:15  Blink (Chrono Boost), Cybernetics Core  
  98  9:20  Shield Battery  
  98  9:26  Disruptor  
  101  9:38  Pylon x2  
  101  9:39  Pylon  
  101  9:40  Stalker  
  103  9:52  Pylon  
  103  9:58  Adept x3  
  107  10:03  Observer  
  107  10:08  Stalker x2  
  111  10:30  Nexus  
  111  10:34  Stalker x3  
  117  10:40  Warp Prism (Chrono Boost)  
  117  10:52  Shield Battery  
  117  10:54  Stalker  
  119  11:06  Stalker x3  
  119  11:08  Observer (Chrono Boost)  
  126  11:15  Stalker  
  126  11:18  Stalker  
  130  11:29  Disruptor (Chrono Boost)  
  102  11:55  Stalker x5  
  92  12:02  Disruptor  
  77  12:15  Stalker x3  
  83  12:19  Stalker x2  
  83  12:22  Gateway  
  67  12:38  Stalker  
  67  12:39  Stalker x2  
  68  12:46  Probe x2 (Chrono Boost)  
  68  12:49  Stalker x2, Warp Prism (Chrono Boost)  
  71  12:57  Probe (Chrono Boost)  
  76  13:08  Stalker  
  76  13:09  Stalker  
  76  13:11  Stalker  
  77  13:19  Observer (Chrono Boost)  
  78  13:26  Probe x2  
  78  13:27  Probe  
  79  13:38  Probe  
  79  13:39  Probe x2  
  67  13:43  Stalker x2  
Tags
 
Add a new tag
Caveats
  • Supply blocks, unpowered buildings, or Contaminate may cause inaccurate times.
  • Supply counts are checked every 10 seconds.